Map: King's Cove LE

Players

Future - Winner!

  • Race: Terran Terran
  • Spawn Location: 11:00

ShaDoWn

  • Race: Protoss Protoss
  • Spawn Location: 5:00

Event: 2019 WCS Summer

VOD

Have the link to the VOD?

Description

Time

  • Played on: July 13, 2019, 8:08 a.m.
  • Length: 11:21

All games in this series

Show
View Real Time Build Order
Export as new Build Order

Future Terran - Winner!

Build Orders:  

Get SALT Encoding   

  12  0:00  SCV  
  13  0:12  SCV  
  14  0:17  Supply Depot  
  14  0:25  SCV  
  15  0:39  SCV  
  15  0:40  Barracks  
  16  0:44  Refinery  
  16  0:51  SCV  
  17  1:03  SCV  
  18  1:15  SCV  
  19  1:28  Marine  
  19  1:29  Orbital Command  
  20  1:45  Command Center  
  20  1:47  Barracks Reactor  
  20  1:54  SCV  
  20  2:00  Supply Depot  
  21  2:06  SCV  
  22  2:12  Barracks  
  22  2:18  SCV  
  23  2:23  Marine x2  
  23  2:25  Barracks  
  25  2:30  SCV  
  26  2:41  Marine x2  
  26  2:42  Bunker  
  28  2:44  SCV  
  29  2:56  SCV  
  29  2:57  Orbital Command  
  30  2:58  Marine  
  30  2:59  Marine  
  30  3:03  Barracks Tech Lab  
  32  3:09  SCV  
  32  3:11  Engineering Bay  
  34  3:14  Barracks Tech Lab  
  34  3:16  Marine x2  
  35  3:21  SCV  
  35  3:23  SCV  
  37  3:27  Stimpack  
  37  3:31  Supply Depot  
  37  3:34  SCV  
  38  3:35  SCV  
  38  3:37  Marine x2  
  38  3:38  Marine  
  38  3:39  Marine  
  43  3:44  Terran Infantry Weapons Level 1  
  43  3:46  SCV  
  43  3:47  SCV  
  45  3:53  Supply Depot  
  45  3:57  Marine  
  45  3:58  Marine, SCV  
  45  3:59  Marine  
  45  4:00  Marine, SCV  
  51  4:09  Supply Depot  
  51  4:10  SCV  
  51  4:12  Bunker, SCV  
  53  4:19  Marine x4  
  53  4:22  SCV  
  53  4:23  Combat Shield  
  53  4:24  SCV  
  59  4:27  Supply Depot  
  59  4:28  Refinery  
  59  4:32  Refinery  
  59  4:34  SCV  
  59  4:36  SCV  
  59  4:38  Marauder  
  63  4:40  Marauder  
  63  4:41  Marine  
  66  4:46  Marine, SCV  
  66  4:48  SCV  
  66  4:49  Supply Depot  
  69  4:58  SCV  
  70  5:00  SCV  
  70  5:03  Marine x3  
  70  5:04  Marine  
  70  5:05  Factory  
  75  5:17  Supply Depot  
  75  5:19  Supply Depot  
  75  5:21  Marauder x2, Marine  
  75  5:22  Marine  
  75  5:25  SCV x2  
  75  5:27  Refinery  
  75  5:28  Concussive Shells  
  77  5:45  Marine x2, Marauder x2  
  78  5:52  SCV  
  78  5:54  SCV  
  78  5:57  Command Center  
  72  6:00  Factory Reactor  
  72  6:03  Marine x2  
  72  6:04  Starport  
  70  6:06  Marauder  
  70  6:07  Marauder  
  70  6:11  Terran Infantry Armor Level 1  
  70  6:20  Marine  
  70  6:21  SCV x2  
  73  6:25  Marine  
  73  6:27  Marauder  
  73  6:28  Marauder  
  78  6:38  Marine  
  78  6:43  Marine  
  78  6:45  Barracks  
  78  6:47  Barracks  
  74  6:49  Marauder  
  74  6:50  Marauder, SCV x2  
  74  6:51  Factory Reactor  
  80  6:56  Marine, Medivac x2  
  80  7:01  Marine  
  85  7:02  SCV x2  
  88  7:10  Marauder  
  88  7:11  Marauder  
  88  7:14  Marine, SCV x2  
  95  7:17  Missile Turret  
  95  7:19  Marine  
  96  7:24  Missile Turret  
  96  7:26  Medivac x2  
  96  7:27  SCV x2  
  102  7:31  Supply Depot x2  
  102  7:32  Marine, Marauder x2  
  102  7:33  Widow Mine x2  
  111  7:38  Barracks Reactor, Barracks Tech Lab  
  111  7:39  SCV x2  
  111  7:42  Marine  
  114  7:49  Marine  
  114  7:51  SCV x2  
  115  7:53  Orbital Command, Marauder  
  115  7:54  Marauder  
  115  7:57  Marine  
  114  8:00  Marine  
  114  8:03  SCV  
  114  8:04  SCV  
  110  8:14  Marauder, Marine  
  110  8:15  Marauder, Marine x2  
  110  8:16  Marauder, Armory  
  110  8:18  Medivac x2  
  123  8:22  Supply Depot  
  123  8:23  Supply Depot  
  123  8:27  Engineering Bay  
  123  8:28  Widow Mine x2  
  123  8:33  Refinery, Liberator, Supply Depot  
  127  8:35  Marine x3, Liberator  
  127  8:36  Marine  
  127  8:39  Marauder  
  133  8:44  Marauder  
  133  8:47  Marauder  
  134  8:54  Marine x2  
  142  9:00  Marine x2, Marauder  
  143  9:05  Marauder  
  143  9:09  Marauder  
  146  9:10  Widow Mine x2  
  146  9:14  Marine x2, Refinery  
  150  9:18  Marine x2  
  150  9:21  Marauder  
  150  9:23  Liberator x2  
  151  9:30  Marauder  
  153  9:32  Marine x2  
  153  9:38  Supply Depot  
  155  9:39  Supply Depot  
  155  9:43  Marine x2  
  161  9:46  Marauder x2  
  165  9:57  Widow Mine  
  167  10:05  Marauder  
  167  10:06  Marine x3, Liberator  
  162  10:07  Marauder  
  155  10:21  Liberator  
  155  10:22  SCV  
  159  10:36  Marauder, Marine  
  159  10:37  Marauder, Marine  
  159  10:39  SCV x3  
  159  10:42  Barracks  
  171  10:44  Barracks  
  171  10:45  Barracks, Marine x2, Marauder  
  171  10:48  Widow Mine  
  177  10:51  Command Center  
  177  10:54  Marine  
  177  10:56  Widow Mine  
  168  10:58  Marauder x2  
Show
View Real Time Build Order
Export as new Build Order

ShaDoWn Protoss 

Build Orders: 1 Gate Expand, Blink Stalkers 

Get SALT Encoding   

  12  0:00  Probe  
  13  0:12  Probe  
  14  0:18  Pylon  
  14  0:24  Probe  
  15  0:32  Probe  
  15  0:37  Gateway  
  15  0:40  Probe  
  16  0:49  Assimilator  
  17  0:51  Probe  
  18  1:03  Probe  
  19  1:15  Probe  
  20  1:25  Nexus  
  20  1:34  Cybernetics Core  
  20  1:37  Probe  
  21  1:43  Assimilator  
  21  1:50  Probe  
  21  1:53  Pylon  
  22  2:01  Adept  
  22  2:02  Probe  
  23  2:10  Pylon  
  23  2:14  Probe  
  26  2:17  Warp Gate  
  26  2:26  Probe  
  27  2:30  Stargate  
  27  2:31  Adept  
  29  2:40  Probe  
  29  2:42  Probe  
  31  2:50  Probe  
  31  2:52  Probe  
  31  2:58  Probe  
  33  3:04  Stalker, Probe, Twilight Council  
  35  3:07  Probe  
  38  3:15  Probe  
  38  3:16  Probe  
  40  3:23  Probe, Robotics Facility  
  40  3:28  Probe  
  40  3:32  Blink  
  42  3:35  Probe  
  42  3:37  Gateway  
  44  3:47  Gateway  
  43  3:48  Pylon  
  43  3:49  Probe  
  43  3:52  Probe  
  45  4:01  Probe  
  45  4:02  Assimilator  
  46  4:05  Observer  
  46  4:06  Stalker  
  46  4:08  Probe  
  49  4:14  Probe  
  49  4:15  Pylon  
  51  4:22  Nexus  
  51  4:25  Probe  
  51  4:29  Stalker  
  54  4:33  Observer, Probe  
  56  4:38  Stalker  
  56  4:40  Probe  
  56  4:42  Pylon  
  60  4:45  Stalker, Probe  
  62  4:52  Pylon  
  62  4:55  Pylon  
  62  5:00  Probe x2  
  62  5:01  Observer  
  62  5:02  Stalker  
  67  5:13  Probe x2  
  69  5:18  Forge  
  69  5:20  Forge  
  69  5:23  Charge  
  69  5:24  Stalker x2  
  73  5:29  Stalker  
  64  5:41  Probe  
  53  5:44  Probe  
  53  5:48  Stalker x2  
  53  5:49  Probe  
  50  5:53  Stalker, Probe  
  50  5:57  Probe  
  54  6:01  Probe  
  45  6:06  Probe  
  45  6:09  Probe  
  45  6:10  Stalker  
  45  6:11  Stalker, Probe  
  49  6:15  Probe  
  49  6:17  Probe  
  50  6:19  Probe  
  50  6:23  Probe  
  50  6:25  Stalker, Probe  
  52  6:28  Probe  
  52  6:31  Stalker  
  52  6:32  Probe  
  59  6:35  Probe  
  59  6:37  Probe  
  61  6:44  Probe  
  61  6:45  Probe x2  
  61  6:53  Probe  
  63  6:54  Probe  
  63  6:56  Probe  
  66  7:01  Probe  
  66  7:03  Protoss Ground Armor Level 1  
  66  7:06  Gateway  
  66  7:07  Gateway  
  67  7:09  Gateway  
  70  7:18  Sentry, Zealot x2  
  70  7:19  Protoss Ground Weapons Level 1  
  75  7:23  Shield Battery  
  75  7:25  Shield Battery  
  75  7:27  Shield Battery  
  75  7:31  Immortal  
  77  7:38  Pylon  
  77  7:41  Zealot x3  
  83  7:45  Gateway  
  73  8:00  Zealot  
  73  8:01  Zealot x4  
  71  8:07  Probe, Warp Prism  
  71  8:08  Probe  
  71  8:11  Sentry, Probe  
  72  8:19  Probe x2  
  72  8:20  Probe  
  72  8:25  Stalker x2, Sentry  
  72  8:26  Zealot x2  
  84  8:29  Probe  
  84  8:31  Probe  
  84  8:32  Probe  
  87  8:35  Stalker  
  87  8:41  Probe  
  90  8:43  Probe  
  90  8:47  Zealot x3  
  95  8:51  Zealot  
  95  8:52  Stalker x2  
  95  8:53  Immortal  
  95  8:55  Probe  
  96  9:04  Stalker  
  96  9:09  Probe  
  99  9:11  Zealot x4  
  99  9:14  Pylon x2  
  107  9:18  Zealot  
  105  9:26  Zealot  
  105  9:29  Shield Battery  
  103  9:34  Sentry  
  103  9:37  Zealot x3, Immortal  
  111  9:46  Robotics Bay  
  115  9:53  Nexus  
  115  10:00  Zealot x3  
  115  10:04  Sentry  
  115  10:05  Zealot x3  
  118  10:11  Immortal  
  108  10:22  Stalker  
  108  10:23  Zealot x2  
  112  10:34  Zealot x4  
  107  10:45  Pylon  
  107  10:49  Zealot  
  107  10:55  Zealot x6  
  91  11:02  Probe  
  84  11:10  Assimilator  
  84  11:11  Sentry  
  89  11:15  Zealot x4  
Tags
 
Add a new tag
Caveats
  • Supply blocks, unpowered buildings, or Contaminate may cause inaccurate times.
  • Supply counts are checked every 10 seconds.